Map: Cactus Valley LE (Void)

Players

Kiara

  • Race: Protoss Protoss
  • League: Diamond
  • Spawn Location: 1:00

Musumeci - Winner!

  • Race: Zerg Zerg
  • League: Diamond
  • Spawn Location: 7:00

VOD

Have the link to the VOD?

Description

Time

  • Played on: Feb. 24, 2017, 7:22 a.m.
  • Length: 8:49
Show
View Real Time Build Order
Export as new Build Order

Kiara Protoss 

Build Orders:  

Get SALT Encoding   

  12  0:02  Probe (Chrono Boost)  
  13  0:18  Probe (Chrono Boost)  
  13  0:21  Pylon  
  14  0:29  Probe (Chrono Boost)  
  15  0:41  Forge  
  15  0:48  Probe (Chrono Boost)  
  16  0:56  Gateway  
  16  1:02  Probe (Chrono Boost)  
  17  1:14  Probe (Chrono Boost)  
  17  1:18  Assimilator  
  18  1:26  Probe (Chrono Boost)  
  18  1:28  Pylon  
  18  1:30  Assimilator  
  19  1:44  Zealot  
  21  2:07  Photon Cannon  
  21  2:11  Probe (Chrono Boost)  
  22  2:22  Zealot  
  24  2:31  Nexus  
  24  2:37  Cybernetics Core  
  24  2:42  Probe (Chrono Boost)  
  25  3:24  Warp Gate  
  25  3:26  Pylon  
  25  3:27  Probe (Chrono Boost)  
  25  3:30  Nexus  
  26  3:34  Stargate  
  26  3:37  Stalker  
  28  3:48  Probe x2 (Chrono Boost)  
  30  3:59  Probe (Chrono Boost)  
  30  4:00  Probe (Chrono Boost)  
  32  4:06  Assimilator  
  32  4:10  Probe (Chrono Boost)  
  32  4:12  Probe (Chrono Boost)  
  34  4:20  Probe (Chrono Boost)  
  36  4:25  Probe (Chrono Boost)  
  37  4:31  Probe (Chrono Boost)  
  37  4:35  Pylon  
  37  4:36  Pylon  
  37  4:38  Oracle  
  35  4:51  Adept  
  30  5:05  Probe (Chrono Boost)  
  29  5:33  Mothership Core (Chrono Boost)  
  22  6:00  Void Ray  
  18  6:22  Assimilator  
  18  6:24  Probe (Chrono Boost)  
  19  6:35  Probe (Chrono Boost)  
  20  6:47  Photon Cannon  
  11  7:25  Pylon  
  11  7:44  Probe (Chrono Boost)  
  12  8:03  Probe (Chrono Boost)  
  14  8:20  Probe (Chrono Boost)  
  14  8:31  Probe (Chrono Boost)  
Show
View Real Time Build Order
Export as new Build Order

Musumeci Zerg - Winner!

Build Orders: Hatch First, Zergling Baneling 

Get SALT Encoding   

  12  0:01  Drone  
  13  0:08  Drone  
  14  0:17  Drone, Extractor  
  15  0:40  Hatchery  
  14  0:46  Extractor  
  14  0:47  Drone  
  15  1:00  Spawning Pool  
  14  1:08  Drone, Extractor x2  
  13  1:13  Drone  
  16  1:30  Extractor  
  16  1:32  Overlord  
  15  1:46  Hatchery  
  14  1:48  Evolution Chamber  
  14  1:55  Drone  
  14  1:56  Drone x3  
  18  2:03  Queen  
  20  2:20  Queen  
  20  2:22  Drone  
  23  2:25  Drone  
  24  2:32  Drone  
  24  2:33  Drone  
  26  2:49  Metabolic Boost  
  26  2:54  Drone  
  26  2:55  Drone  
  28  3:01  Overlord  
  28  3:02  Overlord  
  28  3:06  Overlord  
  28  3:14  Baneling Nest  
  28  3:15  Zergling x2  
  28  3:19  Zergling x4  
  30  3:27  Zergling x2  
  30  3:28  Zergling x2  
  32  3:39  Zergling x10  
  37  3:49  Zergling x2  
  37  3:50  Zergling x2  
  39  4:05  Zergling x8  
  42  4:13  Baneling x8  
  42  4:17  Baneling  
  42  4:18  Zergling x8  
  36  5:03  Zergling x2  
  36  5:04  Zergling x18  
  41  5:25  Zergling x6  
  43  5:38  Baneling  
  43  5:39  Baneling  
  43  5:48  Baneling  
  40  5:57  Zergling x2  
  40  5:58  Zergling x6  
  42  6:06  Zergling x4  
  43  6:18  Zergling x8  
  41  6:23  Overlord x2  
  43  6:28  Baneling x2  
  43  6:29  Baneling x3  
  43  6:30  Baneling  
  43  6:31  Baneling x2  
  43  6:33  Baneling x2  
  43  6:44  Zergling x12  
  43  7:02  Queen x2  
  37  7:43  Zergling x28  
  45  7:53  Queen  
  45  7:54  Queen  
  49  8:03  Evolution Chamber  
  48  8:07  Zergling x12  
  54  8:17  Baneling x8  
  54  8:18  Baneling  
  54  8:24  Zergling x4  
  54  8:25  Zergling x6  
Tags
 
Add a new tag
Caveats
  • Supply blocks, unpowered buildings, or Contaminate may cause inaccurate times.
  • Supply counts are checked every 10 seconds.